 Dungeon Crawl Stone Soup version 0.29.1-13-g9f3cf754e1 (webtiles) character file.

Game seed: 10926078195293524680

2 DemonSlayer the Digger (level 1, 0/13 HPs)
             Began as a Demonspawn Earth Elementalist on Jan 26, 2023.
             Slain by a jackal (2 damage)
             ... on level 1 of the Dungeon.
             The game lasted 00:00:09 (35 turns).

DemonSlayer the Digger (DsEE)                         Turns: 35, Time: 00:00:10

Health: 0/13       AC:  2    Str:  8    XL:     1   Next: 25%
Magic:  2/3        EV: 12    Int: 16    God:
Gold:   14         SH:  0    Dex: 13    Spells: 3/4 levels left

rFire   . . .      SeeInvis .   (no weapon)
rCold   . . .      Faith    .   (no shield)
rNeg    . . .      Spirit   .   a - +0 robe
rPois   .          Reflect  .   (no helmet)
rElec   .          Harm     .   (no cloak)
rCorr   .          Rampage  .   (no gloves)
Will    .....                   (no boots)
Stlth   ++........              (no amulet)
HPRegen 0.04/turn               (no ring)
MPRegen 0.08/turn               (no ring)

@: no status effects
A: no striking features
a: no special abilities


You were on level 1 of the Dungeon.
You visited 1 branch of the dungeon, and saw 1 of its levels.

You collected 14 gold pieces.

Inventory:

Armour
 a - a +0 robe (worn)
Scrolls
 c - a scroll of blinking {unknown}


   Skills:
 + Level 1.7 Dodging
 + Level 1.7 Stealth
 + Level 2.0 Spellcasting
 + Level 0.8 Transmutations
 + Level 2.8 Earth Magic


You had 3 spell levels left.
You knew the following spells:

 Your Spells              Type           Power      Damage    Failure   Level
a - Sandblast             Erth           20%        2d7       6%          1

Your spell library contained the following spells:

 Spells                   Type           Power      Damage    Failure   Level
 Passwall                 Tmut/Erth      5%         N/A       14%         2
 Stone Arrow              Conj/Erth      12%        3d7       34%         3
 Petrify                  Tmut/Erth      7%         N/A       67%         4


Dungeon Overview and Level Annotations

Branches:
Dungeon (1/15)

Altars:


Message History

A hobgoblin is nearby!
A hobgoblin is nearby!
A jackal comes into view.
You can't see any susceptible monsters within range! (Use Z to cast anyway.)
A kobold, a bat and 2 jackals come into view.
Found a stone staircase leading down.
The kobold shouts!
The jackal closely misses you.
The blast of sand hits the jackal!
You kill the jackal!
The hobgoblin shouts!
The jackal barks!
The jackal closely misses you. The bat closely misses you.
The blast of sand hits the bat!
You kill the bat!
The jackal misses you. The jackal closely misses you.
The hobgoblin closely misses you.
You barely miss the hobgoblin. The hobgoblin misses you.
The blast of sand hits the hobgoblin.
The hobgoblin is heavily wounded.
The jackal bites you. The hobgoblin hits you. The jackal closely misses you.
You are out of magic!
You are out of magic!
Magic courses through your body. The jackal barely misses you.
The hobgoblin closely misses you.
The blast of sand hits the hobgoblin.
The hobgoblin is severely wounded.
The jackal barely misses you. The hobgoblin hits you. The jackal bites you.
* * * LOW HITPOINT WARNING * * *
The hobgoblin misses you.
You are too injured to fight recklessly!
You are too injured to fight recklessly!
You are too injured to fight recklessly!
You closely miss the jackal.
The jackal bites you but does no damage.
The hobgoblin barely misses you. The jackal misses you.
You hit the jackal but do no damage.
The jackal bites you but does no damage.
The kobold closely misses you. The hobgoblin barely misses you.
You hit the jackal but do no damage. The jackal bites you.
You die...

#≈≈~~.....~~~≈#
######~...~#####
#. .###...# #..
..###..# #.. #.#
##.# #..#.# #.#
.###..#.####.#
......K......#
###..#@######
#.....gh#
#......h#
#.......#
........#
#........
#.>.....#
#.......#


You could see 2 jackals, a hobgoblin and a kobold.

Vanquished Creatures
  A jackal (D:1)
  A bat (D:1)
2 creatures vanquished.

Notes
Turn   | Place    | Note
-------+----------+-------------------------------------------
     0 | D:1      | DemonSlayer the Demonspawn Earth Elementalist began the
                  | quest for the Orb.
     0 | D:1      | Reached XP level 1. HP: 13/13 MP: 3/3
    35 | D:1      | Slain by a jackal

Illustrated notes

Levels and vault maps discovered:
D:1:      enne_arrival_octagon_isle, layout_loops_ring

Action                   || total
-------------------------++-------
Melee: Unarmed           ||     4
 Cast: Sandblast         ||     4
  Use: Potion            ||     1
Armor: Robe              ||     2
Dodge: Dodged            ||    16
